 Dungeon Crawl Stone Soup version 0.28-a0-662-g1651b1f1e0 (webtiles) character file.

Game seed: 18035978548113419659

6829 voltaire321 the Nimble (level 11, -19/92 HPs)
             Began as a Merfolk Gladiator on Oct 14, 2021.
             Demolished by Gastronok (27 damage)
             ... on level 10 of the Dungeon on Oct 15, 2021.
             The game lasted 00:36:33 (15306 turns).

voltaire321 the Nimble (Merfolk Gladiator)         Turns: 15306, Time: 00:36:34

Health: -19/92     AC:  9    Str: 15    XL:     11   Next: 5%
Magic:  11/11      EV: 20    Int:  7    God:
Gold:   592        SH:  5    Dex: 19    Spells: 10/10 levels left

rFire   . . .      SeeInvis +   A - +0 scimitar (flame)
rCold   . . .      Faith    .   r - +0 buckler
rNeg    . . .      Spirit   .   g - +2 leather armour {rPois}
rPois   +          Reflect  .   s - +2 helmet
rElec   .          Harm     .   b - +0 cloak
rCorr   .          Rampage  .   (no gloves)
Will    .....                   (no boots)
Stlth   +.........              (no amulet)
HPRegen 0.25/turn               v - ring of see invisible
MPRegen 0.12/turn               (no ring)

@: invisible
A: (nimble swimmer 2), mertail
a: no special abilities


You were on level 10 of the Dungeon.
You visited 2 branches of the dungeon, and saw 11 of its levels.

You collected 592 gold pieces.

Inventory:

Hand Weapons
 o - a +0 scimitar
 A - a +0 scimitar of flaming (weapon)
Missiles
 d - 4 throwing nets
 q - 37 poisoned darts
Armour
 b - a +0 cloak (worn)
 e - a +1 robe of cold resistance
 g - a +2 leather armour of poison resistance (worn)
 r - a +0 buckler (worn)
 s - a +2 helmet (worn)
Jewellery
 m - a ring of wizardry
 v - a ring of see invisible (left hand)
 y - a ring of ice
Wands
 f - a wand of charming (7)
 h - a wand of acid (4)
 j - a wand of flame (19)
 l - a wand of paralysis (6) (quivered)
Scrolls
 c - 2 scrolls of identify
 i - a scroll of summoning
 k - 3 scrolls of magic mapping
 n - 5 scrolls of teleportation
 u - a scroll of fear
 w - a scroll of amnesia {unknown}
 x - a scroll of immolation {unknown}
Potions
 p - a potion of invisibility
 t - a potion of ambrosia {unknown}
 z - a potion of haste {unknown}


   Skills:
 + Level 10.4 Fighting
 + Level 10.7 Long Blades
 - Level 2.0 Throwing
 + Level 12.7 Dodging
 + Level 3.6 Shields


You had 10 spell levels left.
You didn't know any spells.
Your spell library contained the following spells:

 Spells                   Type           Power      Damage    Failure   Level
 Beastly Appendage        Tmut           0%         N/A       52%         1
 Corpse Rot               Necr/Air       N/A        N/A       65%         2
 Ensorcelled Hibernation  Hex/Ice        0%         N/A       65%         2
 Passwall                 Tmut/Erth      0%         N/A       65%         2
 Wereblood                Tmut           0%         N/A       65%         2
 Ignite Poison            Fire/Tmut/Pois 0%         N/A       87%         3
 Mephitic Cloud           Conj/Pois/Air  0%         N/A       87%         3
 Spider Form              Tmut/Pois      0%         N/A       87%         3
 Swiftness                Air            0%         N/A       87%         3
 Tukima's Dance           Hex            0%         N/A       87%         3
 Dispel Undead            Necr           0%         3d6       99%         4
 Alistair's Intoxication  Tmut/Pois      0%         N/A       100%        5
 Borgnjor's Vile Clutch   Necr/Erth      0%         N/A       100%        5
 Freezing Cloud           Conj/Ice/Air   0%         6-21      100%        5
 Death Channel            Necr           0%         N/A       100%        6
 Eringya's Noxious Bog    Tmut/Pois      0%         N/A       100%        6
 Invisibility             Hex            0%         N/A       100%        6


Dungeon Overview and Level Annotations

Branches:
Dungeon (10/15)            Temple (1/1) D:5            Lair (0/6) D:9
    Orc: D:9-12

Altars:
Ashenzari
Cheibriados
Dithmenos
Elyvilon
Fedhas
Gozag
Hepliaklqana
Kikubaaqudgha
Makhleb
Nemelex Xobeh
Okawaru
Qazlal
Ru
Sif Muna
Trog
Uskayaw
Vehumet
Wu Jian
Xom
Yredelemnul
Zin
The Shining One

Shops:
D:10 *

Annotations:
D:6 1 runed translucent door, siradein's ghost, novice DrTm
D:10 Gastronok


Innate Abilities, Weirdness & Mutations

((You are quick and stealthy near water. (Stealth+, EV+, Speed+++)))
Your lower body shifts to a powerful aquatic tail in water.


Message History

Your life force feels restored.
Gastronok the Ponderous comes into view.
He is wearing a +2 hat of intelligence.
Gastronok gurgles horribly!
Gastronok chants a spell, wobbling all the while.
Gastronok puts on a burst of speed!
Found 10 gold pieces.
You hit Gastronok. You burn Gastronok.
Gastronok is lightly wounded.
Gastronok casts a spell.
Your skin takes on a slight green cast.
You hit Gastronok. You burn Gastronok.
Gastronok is lightly wounded.
You slash Gastronok! You burn Gastronok.
Gastronok is lightly wounded.
Gastronok's eyestalks wobble, almost dislodging his wizard hat.
Gastronok bites you!!
You slash Gastronok! You burn Gastronok.
Gastronok is moderately wounded.
You slash Gastronok! You burn Gastronok.
Gastronok is heavily wounded.
You slash Gastronok! You burn Gastronok.
Gastronok is heavily wounded.
Gastronok's mouth opens, radula flailing wildly.
Gastronok closely misses you.
You hit Gastronok but do no damage.
Gastronok is heavily wounded.
You hit Gastronok. You burn Gastronok.
Gastronok is heavily wounded.
Gastronok bites you!!
You hit Gastronok but do no damage.
Gastronok is heavily wounded.
You slash Gastronok! You burn Gastronok.
Gastronok is heavily wounded.
Gastronok bites you!!
* * * LOW HITPOINT WARNING * * *
Your shield prevents you from hitting Gastronok.
Gastronok is heavily wounded.
You fade into invisibility!
Gastronok bites you!!
You die...

#......# #......#
#......# #......#
####......#
#.........#######
+...$...>.......#
#...w@..........#
#.....##..#####.
$.......##..#...# #.#
........##..#.>.# #.#
........##..#...#
#.#+#'########...#...#
# #........#
#.###...##### #
#........#
#.'...8..[..# #
#........#
####.....##.####


You could see Gastronok (swift).

Vanquished Creatures
  Joseph (D:7)
  Psyche (D:9)
  An efreet (D:10)
  Grinder (D:4)
  A shadow (D:9)
  Sigmund (D:4)
  Eustachio (D:4)
  A wyvern (D:9)
  Grum (D:9)
  A steam dragon (D:7)
  A basilisk (D:8)
  Menkaure (D:5)
  An ice beast (D:7)
  A sky beast (D:6)
  3 necrophages
  An ogre (D:7)
  3 wolves (D:9)
  7 centaurs
  2 phantoms (D:5)
  2 kobold brigands
  4 bullfrogs
  A water moccasin zombie (D:6)
  2 scorpions
  10 killer bees
  14 wights
  5 howler monkeys
  A jelly (D:5)
  3 centaur zombies
  3 orc priests
  2 hounds
  Crazy Yiuf (D:4)
  3 gnoll shamans
  2 bullfrog skeletons
  4 iguanas (D:5)
  Natasha (thrice) (D:4)
  8 orc wizards
  A hound skeleton (D:5)
  A howler monkey zombie (D:9)
  12 gnolls
  2 adders (D:5)
  A shadow imp (D:6)
  A white imp (D:5)
  An ufetubus (D:6)
  2 adder skeletons (D:4)
  A worm (D:4)
  4 dart slugs
  11 orcs
  6 ball pythons
  9 bats
  5 endoplasms
  3 giant cockroaches
  5 goblins
  3 hobgoblins
  4 jackals
  11 kobolds
  6 quokkas
  5 frilled lizards
  2 rats
  A spectral orc (D:7)
195 creatures vanquished.

Vanquished Creatures (others)
  An orc wizard (D:9)
  An orc (D:9)
  16 fungi
  4 plants (D:9)
  3 toadstools (D:4)
25 creatures vanquished.

Grand Total: 220 creatures vanquished

Notes
Turn   | Place    | Note
-------+----------+-------------------------------------------
     0 | D:1      | voltaire321 the Merfolk Gladiator began the quest for the
                  | Orb.
     0 | D:1      | Reached XP level 1. HP: 16/16 MP: 1/1
   188 | D:1      | Reached XP level 2. HP: 7/23 MP: 2/2
   842 | D:1      | Reached XP level 3. HP: 14/28 MP: 3/3
  1079 | D:1      | Found a faded altar of an unknown god.
  2538 | D:3      | Reached XP level 4. HP: 35/35 MP: 4/4
  2706 | D:4      | You fall into a shaft and drop 2 floors!
  2728 | D:6      | Noticed a sky beast
  2760 | D:6      | Killed a sky beast
  2761 | D:6      | Reached skill level 5 in Dodging
  2761 | D:6      | Reached XP level 5. HP: 5/42 MP: 5/5
  3225 | D:5      | Entered Level 5 of the Dungeon
  3448 | D:5      | Reached skill level 6 in Dodging
  3448 | D:5      | Reached XP level 6. HP: 33/48 MP: 6/6
  3549 | D:5      | Noticed a necrophage
  3566 | D:5      | Killed a necrophage
  3567 | D:5      | Reached skill level 5 in Long Blades
  3735 | D:4      | Noticed a necrophage
  3754 | D:4      | Killed a necrophage
  3755 | D:4      | Reached XP level 7. HP: 46/55 MP: 7/7
  3925 | D:4      | Noticed Eustachio
  4284 | D:4      | Noticed Grinder
  4296 | D:4      | Paralysed by Grinder for 6 turns
  4304 | D:4      | Killed Grinder
  4305 | D:4      | Reached skill level 5 in Fighting
  4305 | D:4      | Reached skill level 7 in Dodging
  4512 | D:4      | Noticed Sigmund
  4541 | D:4      | Killed Sigmund
  4808 | D:4      | Noticed Natasha
  4815 | D:4      | Killed Natasha
  4917 | D:4      | Reached XP level 8. HP: 59/64 MP: 8/8
  5595 | D:4      | Killed Eustachio
  5596 | D:4      | Reached skill level 8 in Dodging
  5842 | D:4      | Noticed Natasha
  5852 | D:4      | Killed Natasha
  6053 | D:4      | Found a runed translucent door.
  6054 | D:4      | Noticed Crazy Yiuf
  6062 | D:4      | Killed Crazy Yiuf
  6094 | D:4      | Noticed Natasha
  6102 | D:4      | Killed Natasha
  6759 | D:5      | Found a staircase to the Ecumenical Temple.
  6765 | Temple   | Entered the Ecumenical Temple
  7036 | D:5      | Found a broken altar of Ashenzari.
  7487 | D:5      | Reached skill level 9 in Dodging
  7528 | D:5      | Noticed Menkaure
  7538 | D:5      | Killed Menkaure
  7830 | D:5      | Reached XP level 9. HP: 60/72 MP: 9/9
  8595 | D:6      | Found a shimmering altar of Xom.
  8597 | D:6      | Found an ornate altar of the Wu Jian Council.
  9016 | D:6      | Reached skill level 10 in Dodging
  9117 | D:6      | Found a runed translucent door.
  9118 | D:6      | Noticed siradein's ghost (novice DrTm)
  9975 | D:7      | HP: 3/74 [centaur (2)]
 10809 | D:7      | Noticed Joseph
 11017 | D:7      | Killed Joseph
 11018 | D:7      | Reached skill level 11 in Dodging
 11179 | D:7      | Reached XP level 10. HP: 55/83 MP: 10/10
 11483 | D:7      | Found a basalt altar of Yredelemnul.
 13486 | D:9      | Found a glowing silver altar of Zin.
 13544 | D:9      | Noticed Grum
 13557 | D:9      | Killed Grum
 13558 | D:9      | Reached skill level 10 in Long Blades
 13558 | D:9      | Reached skill level 1 in Shields
 13671 | D:9      | Found a sacrificial altar of Ru.
 13690 | D:9      | Noticed Psyche
 13700 | D:9      | Killed Psyche
 13701 | D:9      | Reached skill level 12 in Dodging
 13932 | D:9      | Found a staircase to the Lair.
 14029 | D:9      | Reached skill level 10 in Fighting
 14420 | D:10     | Entered Level 10 of the Dungeon
 14567 | D:10     | Found Gitadank's Assorted Antiques.
 14792 | D:10     | HP: 3/74 [wight (2)]
 15150 | D:10     | Reached XP level 11. HP: 82/87 MP: 11/11
 15290 | D:10     | Noticed Gastronok
 15306 | D:10     | Demolished by Gastronok

Illustrated notes

Levels and vault maps discovered:
D:1:      heliophobic_arrival_dark_side_of_the_moon, layout_basic,
          shapermc_ecumenical_altar_mp_vishouse
D:2:      layout_basic
D:3:      layout_basic, grunt_ministairs_14, kennysheep_path_1
D:4:      layout_loops_corners, minmay_gold_behind_fungi, uniq_grinder,
          uniq_natasha, uniq_crazy_yiuf_cottage, uniq_eustachio, uniq_sigmund
D:5:      layout_basic, evilmike_ruin_ashenzari, minmay_temple_entry_wispy,
          uniq_menkaure
D:6:      layout_loops_corners, jmf_multi_god_temple,
          ebering_ghost_reflecting_pool
D:7:      layout_cave_pools, yredelemnul_forgotten_temple_becter, uniq_joseph
D:8:      layout_basic
D:9:      layout_small_grid, overflow_temple_1_default,
          mainiacjoe_overflow_24_doors, dpeg_oklobed_lair, uniq_psyche,
          uniq_grum
D:10:     minmay_blocky_corners, layout_basic, serial_shops, shop,
          grunt_ministairs_14, uniq_gastronok
Temple:   eino_temple_rhombus

Skill      XL: |  1  2  3  4  5  6  7  8  9 10 |
---------------+-------------------------------+-----
Fighting       | 3 4 5 7 9 10 | 10.4
Long Blades    | 4 5 6 7 9 10 | 10.7
Dodging        | 5 6 7 9 11 12 | 12.7
Shields        | 3 |  3.6
Throwing       | |  2.0

Action                   |  1- 3 |  4- 6 |  7- 9 | 10-12 || total
-------------------------+-------+-------+-------+-------++-------
Melee: Long sword        |   131 |    65 |   436 |       ||   632
       Scimitar          |       |       |   110 |   359 ||   469
Throw: Dart              |       |       |     1 |       ||     1
       Throwing net      |       |       |       |     1 ||     1
Evoke: Wand              |       |       |    25 |     1 ||    26
  Use: Scroll            |       |       |    10 |     3 ||    13
       Potion            |       |       |       |     2 ||     2
 Stab: Distracted        |     1 |       |       |       ||     1
       Sleeping          |     1 |       |     1 |       ||     2
       Paralysed         |       |       |       |     9 ||     9
Armor: Leather armour    |    45 |     8 |   107 |    83 ||   243
Dodge: Dodged            |   121 |    59 |   451 |   287 ||   918
Block: Buckler           |       |       |       |    52 ||    52

Table legend: (Time is in decaauts)
 A = Elapsed time spent in this place.
 B = Non-inter-level travel time spent in this place.
 C = Inter-level travel time spent in this place.
 D = Time resting spent in this place.
 E = Time spent auto-exploring this place.
 F = Levels seen in this place.
 G = Mean time per level.
                   A        B        C        D        E       F      G
               +--------+--------+--------+--------+--------+-----+--------+
         Total |  15345 |  15076 |    269 |   5648 |   6141 |  11 | 1395.0 |
       Dungeon |  15148 |  14879 |    269 |   5648 |   5989 |  10 | 1514.8 |
        Temple |    196 |    196 |      0 |      0 |    152 |   1 |  196.0 |
               +--------+--------+--------+--------+--------+-----+--------+

Top non-repeatable levels by time:
     D:5: 2480 daAuts
     D:6: 2450 daAuts
     D:4: 2066 daAuts
     D:9: 1712 daAuts
     D:1: 1445 daAuts
     D:8: 1430 daAuts
     D:3: 1224 daAuts
     D:7: 1126 daAuts
     D:2: 652 daAuts
    D:10: 560 daAuts
  Temple: 196 daAuts
